SA
PHOENIX HOTSPUR U-21 @ PUT-IN-BAY BC
05/12/2024
 
TOP OF THE 1ST
Phoenix Hotspur U-21 batting - Pitching for Put-In-Bay BC : LHP José Tovar
Pitching: LHP José Tovar
Batting: LHB Roberto Fierro 0-0: Ball
1-0: Ball
2-0: Called Strike
2-1: Ball
3-1: Base on Balls
Batting: RHB Carl Tucker 0-0: Foul Ball, location: 2F
0-1: Ball
1-1: Foul Ball, location: 2F
1-2: Ball
2-2: Fly out, F9 (Flyball, 89M)
Batting: RHB Solomon Norment 0-0: Ball
Wild Pitch!
Roberto Fierro to second
1-0: Ground out 5-3 (Groundball, 5D)
Batting: RHB Eric Conway 0-0: Ball
1-0: Ball
2-0: Called Strike
2-1: Fly out, F9 (Line Drive, 9LM)
Top of the 1st over - 0 run(s), 0 hit(s), 0 error(s), 1 left on base; Phoenix 0 - Put-In-Bay 0
BOTTOM OF THE 1ST
Put-In-Bay BC batting - Pitching for Phoenix Hotspur U-21 : LHP Raúl Gómez
Pitching: LHP Raúl Gómez
Batting: LHB Aquiles Marmelo 0-0: Called Strike
0-1: Foul Ball, location: 2F
0-2: Ball
1-2: Strikes out swinging
Batting: RHB Jack Burton 0-0: Called Strike
0-1: Foul Ball, location: 2F
0-2: Strikes out swinging
Batting: RHB Ron Johnston 0-0: Ball
1-0: Foul Ball, location: 2F
1-1: Ball
2-1: DOUBLE (Groundball, 5L)
Batting: RHB Francis Kelly 0-0: Ball
1-0: Ball
2-0: Ball
3-0: Called Strike
3-1: Base on Balls
Batting: RHB José Vázquez 0-0: SINGLE (Groundball, 56D)
Ron Johnston to third
Francis Kelly to second
Runner from 3rd tries for Home, SAFE, no throw or cutoff
Batting: RHB José Delgado 0-0: Ground out 5-3 (Groundball, 5L)
Bottom of the 1st over - 1 run(s), 2 hit(s), 0 error(s), 2 left on base; Phoenix 0 - Put-In-Bay 1
TOP OF THE 2ND
Phoenix Hotspur U-21 batting - Pitching for Put-In-Bay BC : LHP José Tovar
Batting: RHB Pepe Reyes 0-0: Called Strike
0-1: Ball
1-1: Foul Ball, location: 2F
1-2: Strikes out swinging
Batting: RHB Bernardo Rivera 0-0: Ground out 4-3 (Groundball, 4)
Batting: RHB Germán Alfaro 0-0: Swinging Strike
0-1: Ball
1-1: Ball
2-1: Reached on error, E6 (Groundball, 6)
Batting: RHB Rubén Andrada 0-0: Ball
1-0: Swinging Strike
1-1: SINGLE (Line Drive, 78M)
Germán Alfaro to third
Batting: RHB Juan Rivera 0-0: Ball
1-0: Fielders Choice at 2nd, U4 (Groundball, 4M)
Top of the 2nd over - 0 run(s), 1 hit(s), 1 error(s), 2 left on base; Phoenix 0 - Put-In-Bay 1
BOTTOM OF THE 2ND
Put-In-Bay BC batting - Pitching for Phoenix Hotspur U-21 : LHP Raúl Gómez
Batting: RHB José Gómez 0-0: Called Strike
0-1: Foul Ball, location: 2F
0-2: Ball
1-2: Ball
2-2: Strikes out looking
Batting: LHB Dong-hwan Yun 0-0: Called Strike
0-1: Foul Ball, location: 2F
0-2: SINGLE (Line Drive, 8LS)
Batting: RHB Norman Winston 0-0: Called Strike
Dong-hwan Yun steals 2nd base
0-1: Ball
1-1: Ground out 1-3 (Groundball, 15)
Batting: LHB Aquiles Marmelo 0-0: Ball
1-0: Ball
2-0: Called Strike
2-1: Ball
3-1: Foul Ball, location: 2F
3-2: Strikes out looking
Bottom of the 2nd over - 0 run(s), 1 hit(s), 0 error(s), 1 left on base; Phoenix 0 - Put-In-Bay 1
TOP OF THE 3RD
Phoenix Hotspur U-21 batting - Pitching for Put-In-Bay BC : LHP José Tovar
Batting: LHB Roberto Fierro 0-0: Ground out 4-3 (Groundball, 13)
Batting: RHB Carl Tucker 0-0: Ball
1-0: Called Strike
1-1: Ball
2-1: Fly out, F9 (Flyball, 8RS)
Batting: RHB Solomon Norment 0-0: Ball
1-0: SINGLE (Groundball, 34)
Batting: RHB Eric Conway 0-0: Ground out 4-3 (Groundball, 4)
Top of the 3rd over - 0 run(s), 1 hit(s), 0 error(s), 1 left on base; Phoenix 0 - Put-In-Bay 1
BOTTOM OF THE 3RD
Put-In-Bay BC batting - Pitching for Phoenix Hotspur U-21 : LHP Raúl Gómez
Batting: RHB Jack Burton 0-0: Called Strike
0-1: Ground out 4-3 (Groundball, 4)
Batting: RHB Ron Johnston 0-0: Ball
1-0: Foul Ball, location: 2F
1-1: Called Strike
1-2: Fly out, F9 (Flyball, 9M)
Batting: RHB Francis Kelly 0-0: Ball
1-0: Foul Ball, location: 2F
1-1: Swinging Strike
1-2: Strikes out swinging
Bottom of the 3rd over - 0 run(s), 0 hit(s), 0 error(s), 0 left on base; Phoenix 0 - Put-In-Bay 1
TOP OF THE 4TH
Phoenix Hotspur U-21 batting - Pitching for Put-In-Bay BC : LHP José Tovar
Batting: RHB Pepe Reyes 0-0: Ball
1-0: Called Strike
1-1: Reached on Error, E9 (Flyball, 9M)
Batting: RHB Bernardo Rivera 0-0: Called Strike
0-1: Ball
1-1: SINGLE (Line Drive, 6M)
Pepe Reyes to second
Batting: RHB Germán Alfaro 0-0: Ball
1-0: SINGLE (Groundball, 56S)
Pepe Reyes to third
Bernardo Rivera to second
Batting: RHB Rubén Andrada 0-0: Foul Ball, location: 2F
0-1: Swinging Strike
0-2: Ball
1-2: Ball
2-2: Ball
3-2: Strikes out swinging
Batting: RHB Juan Rivera 0-0: Called Strike
0-1: Ball
1-1: Called Strike
1-2: Ball
2-2: SINGLE (Flyball, 9S)
Pepe Reyes scores
Bernardo Rivera to third
Germán Alfaro to second
Batting: LHB Roberto Fierro 0-0: Grounds into double play, U4-3 (Groundball, 4)
Top of the 4th over - 1 run(s), 3 hit(s), 1 error(s), 2 left on base; Phoenix 1 - Put-In-Bay 1
BOTTOM OF THE 4TH
Put-In-Bay BC batting - Pitching for Phoenix Hotspur U-21 : LHP Raúl Gómez
Batting: RHB José Vázquez 0-0: Swinging Strike
0-1: Ball
1-1: Called Strike
1-2: Ball
2-2: Strikes out looking
Batting: RHB José Delgado 0-0: Ground out 4-3 (Groundball, 4)
Batting: RHB José Gómez 0-0: Fly out, F9 (Line Drive, 89M)
Bottom of the 4th over - 0 run(s), 0 hit(s), 0 error(s), 0 left on base; Phoenix 1 - Put-In-Bay 1
TOP OF THE 5TH
Phoenix Hotspur U-21 batting - Pitching for Put-In-Bay BC : LHP José Tovar
Batting: RHB Carl Tucker 0-0: Foul Ball, location: 2F
0-1: Ball
1-1: Called Strike
1-2: Ground out 1-3 (Groundball, 13S)
Batting: RHB Solomon Norment 0-0: Ball
1-0: Ball
2-0: Fly out, F9 (Flyball, 89M)
Batting: RHB Eric Conway 0-0: Ball
1-0: Called Strike
1-1: Foul Ball, location: 2F
1-2: Strikes out swinging
Top of the 5th over - 0 run(s), 0 hit(s), 0 error(s), 0 left on base; Phoenix 1 - Put-In-Bay 1
BOTTOM OF THE 5TH
Put-In-Bay BC batting - Pitching for Phoenix Hotspur U-21 : LHP Raúl Gómez
Batting: LHB Dong-hwan Yun 0-0: Swinging Strike
0-1: Fly out, F8 (Flyball, 8LM)
Batting: RHB Norman Winston 0-0: Called Strike
0-1: Fly out, F9 (Line Drive, 9M)
Batting: LHB Aquiles Marmelo 0-0: Foul Ball, location: 2F
0-1: Ball
1-1: Foul Ball, location: 2F
1-2: Foul Ball, location: 2F
1-2: Strikes out swinging
Bottom of the 5th over - 0 run(s), 0 hit(s), 0 error(s), 0 left on base; Phoenix 1 - Put-In-Bay 1
TOP OF THE 6TH
Phoenix Hotspur U-21 batting - Pitching for Put-In-Bay BC : LHP José Tovar
Batting: RHB Pepe Reyes 0-0: Called Strike
0-1: Foul Ball, location: 2F
0-2: Strikes out swinging
Batting: RHB Bernardo Rivera 0-0: Ball
1-0: Foul Ball, location: 2F
1-1: Foul Ball, location: 2F
1-2: Strikes out swinging
Batting: RHB Germán Alfaro 0-0: Ball
1-0: Ball
2-0: Called Strike
2-1: Ball
3-1: Base on Balls
Batting: RHB Rubén Andrada 0-0: Ball
1-0: Called Strike
1-1: Ball
2-1: Ball
3-1: Foul Ball, location: 2F
3-2: Base on Balls
Germán Alfaro to second
Batting: RHB Juan Rivera 0-0: Ball
1-0: Called Strike
1-1: Called Strike
1-2: Ball
2-2: Ball
3-2: Foul Ball, location: 2F
3-2: Base on Balls
Germán Alfaro to third
Rubén Andrada to second
Batting: LHB Roberto Fierro 0-0: Ball
1-0: Ball
2-0: Fly out, F8 (Flyball, 8RM)
Top of the 6th over - 0 run(s), 0 hit(s), 0 error(s), 3 left on base; Phoenix 1 - Put-In-Bay 1
BOTTOM OF THE 6TH
Put-In-Bay BC batting - Pitching for Phoenix Hotspur U-21 : LHP Raúl Gómez
Batting: RHB Jack Burton 0-0: Ball
1-0: Foul Ball, location: 2F
1-1: Foul Ball, location: 2F
1-2: Ball
2-2: Strikes out swinging
Batting: RHB Ron Johnston 0-0: Ball
1-0: Ball
2-0: Ball
3-0: Base on Balls
Batting: RHB Francis Kelly 0-0: Ball
1-0: Grounds into double play, 5-4-3 (Groundball, 5)
Bottom of the 6th over - 0 run(s), 0 hit(s), 0 error(s), 0 left on base; Phoenix 1 - Put-In-Bay 1
TOP OF THE 7TH
Phoenix Hotspur U-21 batting - Pitching for Put-In-Bay BC : LHP José Tovar
Batting: RHB Carl Tucker 0-0: Ball
1-0: Foul Ball, location: 2F
1-1: Ball
2-1: Swinging Strike
2-2: Fly out, F9 (Line Drive, 9S)
Batting: RHB Solomon Norment 0-0: Ball
1-0: Foul Ball, location: 2F
1-1: Ball
2-1: Foul Ball, location: 2F
2-2: Foul Ball, location: 2F
2-2: Foul Ball, location: 2F
2-2: Strikes out looking
Batting: RHB Eric Conway 0-0: Ball
1-0: Called Strike
1-1: Called Strike
1-2: Foul Ball, location: 2F
1-2: Ball
2-2: Ball
3-2: Strikes out swinging
Top of the 7th over - 0 run(s), 0 hit(s), 0 error(s), 0 left on base; Phoenix 1 - Put-In-Bay 1
BOTTOM OF THE 7TH
Put-In-Bay BC batting - Pitching for Phoenix Hotspur U-21 : LHP Raúl Gómez
Batting: RHB José Vázquez 0-0: Called Strike
0-1: SINGLE (Groundball, 56D)
Batting: RHB José Delgado 0-0: Called Strike
0-1: Ball
1-1: Fly out, F7 (Flyball, 7LMF)
Pinch Hitting: RHB William Walls 0-0: Ball
1-0: Ball
2-0: Ball
3-0: Called Strike
3-1: Foul Ball, location: 2F
3-2: Foul Ball, location: 2F
3-2: Foul Ball, location: 2F
3-2: Strikes out looking
Pinch Hitting: RHB Carlos Trujillo 0-0: Called Strike
0-1: Foul Ball, location: 2F
0-2: Ball
1-2: Foul Ball, location: 2F
1-2: SINGLE (Line Drive, 6D)
José Vázquez to second
Pinch Hitting: LHB Alan Hardy 0-0: Ball
1-0: Ball
2-0: Ball
3-0: Base on Balls
José Vázquez to third
Carlos Trujillo to second
Batting: LHB Aquiles Marmelo 0-0: Ball
1-0: Ground out 1-3 (Groundball, 23)
Bottom of the 7th over - 0 run(s), 2 hit(s), 0 error(s), 3 left on base; Phoenix 1 - Put-In-Bay 1
TOP OF THE 8TH
Phoenix Hotspur U-21 batting - Pitching for Put-In-Bay BC : LHP José Tovar
Pitching: RHP James Neutron
Now at 2B: Alan Hardy
Now in LF: Carlos Trujillo
Now in CF: William Walls
Pinch Hitting: LHB Jim Unknown 0-0: Ball
1-0: Foul Ball, location: 2F
1-1: Ball
2-1: Fly out, F9 (Line Drive, 9S)
Pinch Hitting: RHB Jim Unknown 0-0: Ball
1-0: Ball
2-0: Reached on Error, E7 (Flyball, 78S)
Pinch Runner at 1st Jesús González:
Batting: RHB Germán Alfaro 0-0: Called Strike
0-1: Reached on error, E4 (Groundball, 4)
Jesús González to second
Batting: RHB Rubén Andrada 0-0: Called Strike
0-1: Bunted foul
0-2: Ball
1-2: Ball
2-2: Strikes out swinging
Pinch Hitting: SHB Jim Unknown 0-0: Ball
1-0: Called Strike
1-1: Swinging Strike
1-2: Ground out 4-3 (Groundball, 4)
Top of the 8th over - 0 run(s), 0 hit(s), 2 error(s), 2 left on base; Phoenix 1 - Put-In-Bay 1
BOTTOM OF THE 8TH
Put-In-Bay BC batting - Pitching for Phoenix Hotspur U-21 : LHP Raúl Gómez
Now at 1B: Jesús González
Now at 2B: Jim Unknown
Now at 3B: Juan Román
Batting: RHB Jack Burton 0-0: Called Strike
0-1: Ball
1-1: Ball
2-1: Fly out, F8 (Popup, 8LS)
Batting: RHB Ron Johnston 0-0: Swinging Strike
0-1: Called Strike
0-2: Foul Ball, location: 2F
0-2: Ball
1-2: Ball
2-2: Foul Ball, location: 2F
2-2: Foul Ball, location: 2F
2-2: Foul Ball, location: 2F
2-2: Strikes out swinging
Batting: RHB Francis Kelly 0-0: Ball
1-0: Called Strike
1-1: Ball
2-1: Called Strike
2-2: Foul Ball, location: 2F
2-2: Ground out 1-3 (Groundball, 15)
Bottom of the 8th over - 0 run(s), 0 hit(s), 0 error(s), 0 left on base; Phoenix 1 - Put-In-Bay 1
TOP OF THE 9TH
Phoenix Hotspur U-21 batting - Pitching for Put-In-Bay BC : RHP James Neutron
Pitching: RHP Domingo Velasco
Batting: LHB Roberto Fierro 0-0: Ball
1-0: Ball
2-0: Ball
3-0: Called Strike
3-1: Foul Ball, location: 2F
3-2: SINGLE (Groundball, 34D)
Batting: RHB Carl Tucker 0-0: Ball
Roberto Fierro is caught stealing 2nd base
1-0: Ground out 5-3 (Groundball, 15S)
Batting: RHB Solomon Norment 0-0: Ball
1-0: Foul Ball, location: 2F
1-1: Ball
2-1: SINGLE (Groundball, 5L)
Batting: RHB Eric Conway 0-0: Ball
1-0: Fly out, F8 (Line Drive, 8RS)
Top of the 9th over - 0 run(s), 2 hit(s), 0 error(s), 1 left on base; Phoenix 1 - Put-In-Bay 1
BOTTOM OF THE 9TH
Put-In-Bay BC batting - Pitching for Phoenix Hotspur U-21 : LHP Raúl Gómez
Batting: RHB José Vázquez 0-0: Foul Ball, location: 2F
0-1: Called Strike
0-2: Ball
1-2: Strikes out swinging
Pitching: RHP Dennis Dunn
Pinch Hitting: LHB Dale Miller 0-0: Foul Ball, location: 2F
0-1: Ball
1-1: Ball
2-1: Foul Ball, location: 2F
2-2: Strikes out swinging
Batting: RHB William Walls 0-0: Swinging Strike
0-1: Ground out 5-3 (Groundball, 5)
Bottom of the 9th over - 0 run(s), 0 hit(s), 0 error(s), 0 left on base; Phoenix 1 - Put-In-Bay 1
TOP OF THE 10TH
Phoenix Hotspur U-21 batting - Pitching for Put-In-Bay BC : RHP Domingo Velasco
Now at C: Manuel Sánchez
Pinch Hitting: SHB José Randín 0-0: Ball
1-0: Swinging Strike
1-1: Ball
2-1: Ball
3-1: Base on Balls
Batting: SHB Jesús González 0-0: Sac Bunt - play at first, batter OUT! 1-4
José Randín to second
Batting: RHB Germán Alfaro 0-0: Ball
1-0: Called Strike
1-1: Ball
2-1: Called Strike
2-2: Ball
3-2: Fly out, F7 (Flyball, 7M)
Batting: RHB Rubén Andrada 0-0: Ball
1-0: Ball
2-0: Called Strike
2-1: Called Strike
2-2: DOUBLE (Flyball, 9D)
José Randín scores
Batting: SHB Jim Unknown 0-0: Ball
1-0: SINGLE (Line Drive, 56)
Rubén Andrada to third
Runner from 3rd tries for Home, SAFE, no throw or cutoff
Batting: LHB Roberto Fierro 0-0: Ball
1-0: SINGLE (Groundball, 4MD)
Jim Unknown to second
Runner from 2nd tries for 3rd, OUT!
Top of the 10th over - 2 run(s), 3 hit(s), 0 error(s), 1 left on base; Phoenix 3 - Put-In-Bay 1
BOTTOM OF THE 10TH
Put-In-Bay BC batting - Pitching for Phoenix Hotspur U-21 : RHP Dennis Dunn
Pitching: RHP Alexander Weareorwear
Now at 3B: Enrico Sánchez
Batting: RHB Carlos Trujillo 0-0: Foul Ball, location: 2F
0-1: Swinging Strike
0-2: Ball
1-2: Strikes out swinging
Batting: LHB Alan Hardy 0-0: Swinging Strike
0-1: Ball
1-1: Ball
2-1: Ball
3-1: Foul Ball, location: 2F
3-2: Strikes out swinging
Batting: LHB Aquiles Marmelo 0-0: Called Strike
0-1: Ball
1-1: Ball
2-1: Ball
3-1: Foul Ball, location: 2F
3-2: Foul Ball, location: 2F
3-2: Foul Ball, location: 2F
3-2: Foul Ball, location: 2F
3-2: Ground out 4-3 (Groundball, 4S)
Bottom of the 10th over - 0 run(s), 0 hit(s), 0 error(s), 0 left on base; Phoenix 3 - Put-In-Bay 1
This league is powered by Out of the Park Baseball, the baseball management simulation game for PC, Mac and Linux
Monday, October 3rd, 2016 - OOTP Baseball 16.9 Build 39